 Dungeon Sprint DCSS version 0.28-a0-1524-ge72afd5fc6 (webtiles) character file.

Game seed: 7394553391396922966

881 mhtbhm the Shield-Bearer (level 7, -8/72 HPs)
             Began as a Troll Fighter on Jan 17, 2022.
             Was a High Priest of Qazlal.
             Killed from afar by a hell hog (25 damage)
             ... with a fireball
             ... in the Dungeon (Sprint VII: "The Pits").
             The game lasted 00:02:22 (558 turns).

mhtbhm the Shield-Bearer (Troll Fighter)             Turns: 558, Time: 00:02:24

Health: -8/72      AC:  7    Str: 27    XL:     7   Next: 75%
Magic:  2/10       EV: 10    Int:  4    God:    Qazlal [*****.]
Gold:   0          SH: 15    Dex:  9    Spells: 6/6 levels left

rFire   . . .      SeeInvis .   a - +2 hand axe (vorpal)
rCold   . . .      Faith    .   c - +0 kite shield
rNeg    . . .      Spirit   .   b - +0 robe
rPois   .          Reflect  .   (helmet restricted)
rElec   .          Harm     .   (no cloak)
rCorr   .          Rampage  .   (gloves unavailable)
Will    .....      NoTele   +   (boots unavailable)
Stlth   +.........              (no amulet)
HPRegen 1.02/turn               (no ring)
MPRegen 0.12/turn               (no ring)

@: protected from physical damage, repel missiles
A: large, unfitting armour, claws 3, regeneration 1, shaggy fur 1, tough skin 1
a: Renounce Religion, Upheaval, Elemental Force, Disaster Area


You were in the Dungeon.
You worshipped Qazlal.
Qazlal was extremely pleased with you.
You visited 1 branch

Inventory:

Hand Weapons
 a - a +2 vorpal hand axe (weapon)
Armour
 b - a +0 robe (worn)
 c - a +0 kite shield (worn)
Scrolls
 j - a scroll of blinking
 l - 5 scrolls of amnesia
 m - a scroll of summoning
Potions
 d - a potion of might
 e - 2 potions of curing
 f - 2 potions of heal wounds
 g - a potion of haste
 h - 4 potions of magic
 i - 3 potions of berserk rage
 k - 2 potions of invisibility


   Skills:
 + Level 5.5 Fighting
 + Level 6.2(6.5) Axes
 + Level 2.7(5.1) Maces & Flails
 + Level 7.0 Dodging
 + Level 7.9 Shields
 * Level 6.5 Invocations


You had 6 spell levels left.
You didn't know any spells.
Your spell library was empty.

Dungeon Overview and Level Annotations

Branches:
Dungeon (1/1)

Altars:
Ashenzari
Cheibriados
Dithmenos
Elyvilon
Fedhas
Gozag
Hepliaklqana
Kikubaaqudgha
Makhleb
Nemelex Xobeh
Okawaru
Qazlal
Ru
Sif Muna
Trog
Uskayaw
Vehumet
Wu Jian
Xom
Yredelemnul
Zin
The Shining One
Beogh
Jiyva
Lugonu


Innate Abilities, Weirdness & Mutations

You are too large for most types of armour.
You have claws for hands.
Your natural rate of healing is unusually fast.
You are covered in fur. (AC +1)
You have tough skin. (AC +1)


Message History

The cutting wind hits the hell hog!!
The hell hog is heavily wounded.
The blast of magma engulfs the hell hog!
The hell hog partially resists.
The hell hog is moderately wounded.
The blast of ice hits the hell hog!!
The hell hog is moderately wounded.
The hell hog is flash-frozen.
The blast of ice hits the hell hog!
The hell hog is moderately wounded.
The hell hog is flash-frozen.
The blast of ice hits the hell hog!!
The hell hog is severely wounded.
The blast of ice hits the goblin!
You kill the goblin!
Qazlal accepts your kill.
The blast of ice hits the hell hog!!
The hell hog is almost dead.
The hell hog is flash-frozen.
The blast of ice hits the white imp!!
The white imp partially resists.
You kill the white imp!
Qazlal accepts your kill.
The blast of ice hits the hell hog!
The hell hog is almost dead.
You block the hell hog's attack.
Unknown command.
Unknown command.
Unknown command.
You feel much better. The hell hog bites you.
The hell hog breathes fire at you.
The fireball explodes!
The fireball engulfs the hell hog.
The hell hog completely resists.
The fireball engulfs you! You resist.
The fireball engulfs the hell hog.
The hell hog completely resists.
The fireball engulfs the hell hog.
The hell hog completely resists.
The hell hog bites you!
* * * LOW HITPOINT WARNING * * *
Your resistance to fire fades away.
You feel protected from physical attacks.
The hell hog breathes fire at you.
The fireball explodes!
The fireball engulfs the hell hog.
The hell hog completely resists.
The fireball engulfs you!!
You die...

#.#####'#####...<...#
#.#..[)))..##.......#
#)#..[)))..##.......#
#'###########.......#
#.......#..##########
#.###...#)## ###
#.#.....#)# )..#
#.#...#.#)#h...#
#.....#.#@h☼h..+
#...###.#'#h...#
#.......'.# ...#
########### ###


You could see 4 hell hogs.

Vanquished Creatures
  Prince Ribbit (D)
  A wraith (D)
  A warg (D)
  A water moccasin (D)
  An orc warrior (D)
  A bullfrog (D)
  A scorpion (D)
  An orc priest (D)
  An iguana (D)
  An orc wizard (D)
  An adder (D)
  2 white imps (D)
  3 bats (D)
  A bat skeleton (D)
  4 goblins (D)
  A hobgoblin (D)
  A quokka (D)
  A ball python zombie (D)
24 creatures vanquished.

Notes
Turn   | Place    | Note
-------+----------+-------------------------------------------
     0 | D        | mhtbhm the Troll Fighter began the quest for the Orb.
     0 | D        | Reached XP level 1. HP: 22/22 MP: 0/0
    18 | D        | Found a bloodstained altar of Trog.
    18 | D        | Found a shimmering blue altar of Sif Muna.
    18 | D        | Found a viscous altar of Jiyva.
    18 | D        | Found a hazy altar of Hepliaklqana.
    18 | D        | Found an opulent altar of Gozag.
    19 | D        | Found a glowing golden altar of the Shining One.
    19 | D        | Found a glowing silver altar of Zin.
    19 | D        | Found a basalt altar of Yredelemnul.
    19 | D        | Found a shimmering altar of Xom.
    19 | D        | Found an ornate altar of the Wu Jian Council.
    19 | D        | Found a sacrificial altar of Ru.
    19 | D        | Found a stormy altar of Qazlal.
    19 | D        | Found an iron altar of Okawaru.
    19 | D        | Found a sparkling altar of Nemelex Xobeh.
    19 | D        | Found a burning altar of Makhleb.
    19 | D        | Found a blossoming altar of Fedhas.
    19 | D        | Found a white marble altar of Elyvilon.
    19 | D        | Found a shadowy altar of Dithmenos.
    19 | D        | Found a snail-covered altar of Cheibriados.
    22 | D        | Found a corrupted altar of Lugonu.
    22 | D        | Found a radiant altar of Vehumet.
    31 | D        | Found a hide-covered altar of Uskayaw.
    31 | D        | Found an ancient bone altar of Kikubaaqudgha.
    31 | D        | Found a broken altar of Ashenzari.
    37 | D        | Became a worshipper of Qazlal Stormbringer
    83 | D        | Reached * piety under Qazlal
   102 | D        | Reached XP level 2. HP: 25/31 MP: 1/1
   116 | D        | Reached ** piety under Qazlal
   123 | D        | Reached skill level 1 in Axes
   175 | D        | Noticed a water moccasin
   175 | D        | Noticed Prince Ribbit
   200 | D        | Killed a water moccasin
   200 | D        | Reached *** piety under Qazlal
   201 | D        | Reached XP level 3. HP: 20/39 MP: 1/4
   201 | D        | Reached XP level 4. HP: 25/48 MP: 1/5
   361 | D        | Noticed a warg
   381 | D        | Reached XP level 5. HP: 23/54 MP: 6/6
   394 | D        | Killed a warg
   395 | D        | Reached skill level 5 in Dodging
   395 | D        | Reached skill level 5 in Shields
   395 | D        | Reached XP level 6. HP: 34/63 MP: 6/8
   399 | D        | Reached **** piety under Qazlal
   445 | D        | Killed Prince Ribbit
   446 | D        | Reached skill level 5 in Axes
   446 | D        | Reached skill level 5 in Invocations
   446 | D        | Reached XP level 7. HP: 60/71 MP: 8/10
   463 | D        | Reached skill level 5 in Fighting
   465 | D        | Noticed a wraith
   478 | D        | Killed a wraith
   525 | D        | Reached ***** piety under Qazlal
   556 | D        | Noticed a hell hog
   556 | D        | Noticed a hell hog
   556 | D        | Noticed a hell hog
   556 | D        | Noticed a hell hog
   558 | D        | Killed from afar by a hell hog

Illustrated notes

Levels and vault maps discovered:
D:        pitsprint [storerooms_1, entrance_room_1, metal_vault_6, armoury_2,
          mini_pit_1, grid_room_1, main_hall_1, silver_pit, the_coven_1,
          the_vestibule_1, steel_vault_3, golden_pit, hallway_of_sentries,
          crystal_vault_5, iron_vault_5, final_vault]

Skill      XL: |  1  2  3  4  5  6  7 |
---------------+----------------------+-----
Maces & Flails | 2 |  2.7
Dodging        | 3 4 5 6 7 |  7.0
Shields        | 3 4 5 7 |  7.9
Fighting       | 3 4 5 |  5.5
Axes           | 2 3 4 5 6 |  6.2
Invocations    | 3 4 5 6 |  6.5

Action                   |  1- 3 |  4- 6 |  7- 9 || total
-------------------------+-------+-------+-------++-------
Melee: Hand axe          |    51 |    45 |    45 ||   141
       Flail             |     1 |       |       ||     1
Invok: Disaster Area     |       |       |     1 ||     1
  Use: Potion            |     4 |     2 |     2 ||     8
Armor: Robe              |    25 |     4 |     6 ||    35
Dodge: Dodged            |    29 |    12 |    11 ||    52
Block: Kite shield       |    39 |    31 |    27 ||    97

Table legend: (Time is in decaauts)
 A = Elapsed time spent in this place.
 B = Non-inter-level travel time spent in this place.
 C = Inter-level travel time spent in this place.
 D = Time resting spent in this place.
 E = Time spent auto-exploring this place.
 F = Levels seen in this place.
 G = Mean time per level.
                   A        B        C        D        E       F      G
               +--------+--------+--------+--------+--------+-----+--------+
         Total |    602 |    602 |      0 |    216 |     27 |   1 |  602.0 |
       Dungeon |    602 |    602 |      0 |    216 |     27 |   1 |  602.0 |
               +--------+--------+--------+--------+--------+-----+--------+

Top non-repeatable levels by time:
       D: 602 daAuts
